 Dungeon Crawl Stone Soup version 0.21-a0-221-gfe971b9 (console) character file.

86796 removed the Severer (level 15, -7/139 HPs)
             Began as a Hill Orc Wanderer on Aug 26, 2017.
             Was the Champion of Okawaru.
             Mangled by a wolf spider simulacrum (31 damage)
             ... led by a necromancer
             ... on level 15 of the Dungeon.
             The game lasted 01:14:57 (30089 turns).

removed the Severer (Hill Orc Wanderer)            Turns: 30089, Time: 01:14:57

Health: -7/139     AC: 23    Str: 17    XL:     15   Next: 88%
Magic:  28/28      EV: 15    Int: 20    God:    Okawaru [******]
Gold:   937        SH:  0    Dex: 10    Spells: 23/32 levels left

rFire    . . .     SeeInvis +   a - +7 battleaxe {freeze, Stlth+}
rCold    . . .     Gourm    .   (shield currently unavailable)
rNeg     . . .     Faith    +   N - +4 ring mail of the Wilderness {Dex+3}
rPois    .         Spirit   .   q - +0 mask of the Dragon {MR+ Slay+3 SInv}
rElec    .         Reflect  .   F - +1 cloak
rCorr    .         Harm     .   I - +1 pair of gloves
MR       ++...                  e - +2 pair of boots {Fly}
Stlth    ++........             A - amulet of faith
HPRegen  0.33/turn              k - +5 ring of evasion
MPRegen  0.21/turn              u - +5 ring of protection

@: flying
A: no striking features
a: Heroism, Finesse, Renounce Religion, Stop Flying


You were on level 15 of the Dungeon.
You worshipped Okawaru.
Okawaru was exalted by your worship.
You were not hungry.

You visited 4 branches of the dungeon, and saw 24 of its levels.
You also visited: Labyrinth.

You collected 2244 gold pieces.
You spent 1307 gold pieces at shops.

Inventory:

Hand Weapons
 a - the +7 battleaxe "Orb Guardian's Doom" (weapon) {freeze, Stlth+}
   (Okawaru gifted it to you on level 3 of the Lair of Beasts)

   It has been specially enchanted to freeze those struck by it, causing extra
   injury to most foes and up to half again as much damage against particularly
   susceptible opponents.
   It can also slow down cold-blooded creatures.
   It makes you more stealthy.
 b - the +4 battleaxe of Reapportionment {elec, rPois Stlth+}
   (Okawaru gifted it to you on level 6 of the Lair of Beasts)

   Occasionally, upon striking a foe, it will discharge some electrical energy
   and cause terrible harm.
   It protects you from poison.
   It makes you more stealthy.
 g - a +6 blowgun
Missiles
 d - 515 stones (quivered)
 o - 4 throwing nets
 H - 13 curare-tipped needles
Armour
 e - a +2 pair of boots of flying (worn)
 q - the +0 mask of the Dragon (worn) {MR+ Slay+3 SInv}
   (You bought it in a shop on level 6 of the Dungeon)

   It affects your accuracy and damage with ranged weapons and melee attacks
   (+3).
   It affects your resistance to hostile enchantments.
   It lets you see invisible.
 F - a +1 cloak (worn)
 I - a +1 pair of gloves (worn)
 N - the +4 ring mail of the Wilderness (worn) {Dex+3}
   (You found it on level 4 of the Dungeon)

   It affects your dexterity (+3).
Jewellery
 k - a +5 ring of evasion (left hand)
 s - an uncursed ring of ice
 u - a +5 ring of protection (right hand)
 A - an amulet of faith (around neck)
 X - an uncursed ring of protection from fire
Wands
 i - a wand of iceblast (1/15)
 B - a wand of iceblast (9/15)
 Q - a wand of polymorph (11/24)
 W - a wand of disintegration (13/24)
Scrolls
 c - 2 scrolls of immolation {unknown}
 h - 2 scrolls of vulnerability {unknown}
 j - 10 scrolls of teleportation
 m - 3 scrolls of identify
 r - a scroll of fog
 w - a scroll of silence {unknown}
 x - a scroll of brand weapon {unknown}
 y - a scroll of fear
 G - a scroll of summoning
 M - 5 scrolls of magic mapping
 O - 7 scrolls of enchant armour
 P - 2 scrolls of noise {unknown}
 R - 2 scrolls of recharging
 S - a scroll of enchant weapon
 T - 2 scrolls of amnesia
 V - 13 scrolls of remove curse
 Z - a scroll of holy word {unknown}
Potions
 l - 9 potions of curing
 n - a potion of mutation
 v - 4 potions of cancellation
 z - a potion of brilliance
 D - 3 potions of might
 E - 4 potions of ambrosia
 J - a potion of haste
 K - a potion of heal wounds
 L - 3 potions of flight
 U - 2 potions of agility
Comestibles
 f - 10 bread rations
 p - 28 fruits
 t - 14 meat rations
 C - 6 chunks of flesh
 Y - 14 royal jellies


   Skills:
 + Level 14.5 Fighting
 - Level 15.0 Axes
 - Level 5.8 Armour
 - Level 1.0 Stealth
   Level 1.1 Shields
 - Level 9.0 Spellcasting
 - Level 6.0 Conjurations
   Level 1.5 Air Magic
 - Level 15.0 Earth Magic
 - Level 10.0 Invocations


You had 23 spell levels left.
You knew the following spells:

 Your Spells              Type           Power        Failure   Level  Hunger
a - Sandblast             Erth           ######       1%          1    None
b - Stone Arrow           Conj/Erth      ######       1%          3    None
d - Lee's Rapid Deconstr  Erth           ######....   1%          5    #####..


Dungeon Overview and Level Annotations

Branches:
Dungeon (15/15)            Temple (1/1) D:6            Lair (6/6) D:10
  Swamp (0/4) Lair:4        Snake (0/4) Lair:3        Slime (0/5) Lair:5
    Orc (2/2) D:9             Elf (0/3) Orc:2        Vaults (0/5) D:13
 Depths: D:15

Altars:
Ashenzari
Cheibriados
Dithmenos
Elyvilon
Fedhas
Gozag
Hepliaklqana
Kikubaaqudgha
Makhleb
Nemelex Xobeh
Okawaru
Qazlal
Ru
Sif Muna
Trog
Uskayaw
Vehumet
Wu Jian
Xom
Yredelemnul
Zin
The Shining One
Lugonu

Shops:
D:5 *%}=(   D:6 ?*[   D:9 ([   Orc:2 =**(

Annotations:
D:15 Nessos
Lair:6 exclusion: 2 oklob plants


Message History

Nessos the Markscentaur comes into view.
Nessos shouts!
Nessos blinks!
Nessos blinks!
Nessos wields a glowing longbow.
It bursts into flame!
Nessos shoots an arrow.
The arrow closely misses you.
As you read the scroll of teleportation, it crumbles to dust.
You feel strangely unstable.
Nessos drinks a potion.
Nessos suddenly seems more resistant.
Nessos shoots an arrow.
The arrow closely misses you.
Your surroundings suddenly seem different.
A wolf spider simulacrum comes into view.
You slice the wolf spider simulacrum!!
The wolf spider simulacrum is almost destroyed.
The wolf spider simulacrum hits you.
The wolf spider simulacrum freezes you!!
* * * LOW HITPOINT WARNING * * *
The wolf spider simulacrum bites you.
* * * LOW HITPOINT WARNING * * *
The wolf spider simulacrum freezes you!!
You die...

.#. #. #. .. ..
# # .#
..########..####
......Z@........
################


You could see a wolf spider simulacrum.

Vanquished Creatures
  A minotaur (Lab)
  A fire dragon (Lair:6)
  Erolcha (D:13)
  Josephine (D:13)
  Harold (Lair:1)
  A centaur warrior (D:13)
  11 hydras
  A death knight (D:14)
  The ghost of p0werm0de the Martial Artist, a novice DgWn (Lab)
  4 death yaks (Lair:6)
  4 two-headed ogres
  3 orc high priests
  Nergalle (Lair:4)
  2 unseen horrors
  A swamp dragon (Lair:6)
  A wizard (D:13)
  A necromancer (D:15)
  5 orc knights
  4 ugly things
  2 manticores
  2 deep elf magi
  8 orc sorcerers
  7 black mambas
  A naga mage (D:15)
  3 gargoyles
  11 spiny frogs
  An efreet (D:15)
  6 rime drakes
  A freezing wraith (D:15)
  9 komodo dragons
  A troll (shapeshifter) (D:14)
  10 polar bears
  8 trolls
  10 hippogriffs
  10 blink frogs (Lair:6)
  5 dream sheep (Lair:4)
  9 slime creatures
  3 shadows
  11 wraiths
  3 wyverns
  45 yaks
  6 hungry ghosts (Lab)
  5 basilisks
  A steam dragon (Lair:6)
  6 vampire mosquitoes
  10 wargs
  6 nagas (Lair:3)
  5 acid dragons
  12 water moccasins
  5 porcupines
  15 hell hounds (Lair:6)
  21 orc warriors
  A hornet zombie (D:15)
  An ice beast (D:7)
  5 sky beasts
  13 black bears
  An eye of draining (D:9)
  A phantom (D:5)
  28 wolves
  14 centaurs
  13 ogres
  2 big kobolds
  14 crocodiles
  27 bullfrogs
  A water moccasin zombie (D:5)
  A water moccasin skeleton (D:6)
  A wyvern skeleton (D:14)
  4 scorpions
  3 killer bees (D:9)
  18 wights
  A howler monkey (D:7)
  7 crimson imps
  4 centaur zombies
  A bullfrog zombie (D:5)
  5 centaur skeletons
  A gnoll shaman (D:6)
  5 hounds
  10 jellies
  15 orc priests
  6 bullfrog skeletons
  7 worker ants
  8 iguanas
  Ijyb (D:3)
  26 orc wizards
  3 hell rats (Lair:2)
  A worker ant (shapeshifter) (D:14)
  A hound skeleton (D:6)
  2 hound zombies
  2 worker ant zombies (D:8)
  19 adders
  10 gnolls
  5 river rats (Lair:2)
  3 shadow imps
  6 oozes
  An adder zombie (D:5)
  An adder skeleton (D:8)
  3 worms (D:2)
  2 dart slugs
  3 leopard geckos
  64 orcs
  5 giant cockroaches
  5 goblins
  8 hobgoblins
  18 jackals
  15 kobolds
  6 quokkas
  6 ball pythons
  6 bats
  5 frilled lizards
  A jackal zombie (D:6)
  2 leopard gecko skeletons
  13 rats
  6 fungi
  7 plants
777 creatures vanquished.

Vanquished Creatures (others)
  A quokka (D:6)
  A bush (Lair:6)
  28 fungi
  50 plants
80 creatures vanquished.

Grand Total: 857 creatures vanquished

Notes
Turn   | Place    | Note
-------+----------+-------------------------------------------
     0 | D:1      | removed the Hill Orc Wanderer began the quest for the Orb.
     0 | D:1      | removed set off with: a book of Geomancy, a +0 ring mail, Garar's Guide on Air, a +0 club, a bread ration
     0 | D:1      | Reached XP level 1. HP: 16/16 MP: 2/2
     0 | D:1      | Identified Garar's Guide on Air
     2 | D:1      | Learned a level 1 spell: Sandblast
   690 | D:1      | Reached XP level 2. HP: 23/23 MP: 3/3
  1306 | D:2      | Reached XP level 3. HP: 24/28 MP: 1/4
  1367 | D:2      | Found a faded altar of an unknown god.
  1367 | D:2      | Found an iron altar of Okawaru.
  1377 | D:2      | Found a radiant altar of Vehumet.
  1379 | D:2      | Found a burning altar of Makhleb.
  1380 | D:2      | Found a stormy altar of Qazlal.
  1400 | D:2      | Became a worshipper of Warmaster Okawaru
  1629 | D:2      | Reached XP level 4. HP: 31/35 MP: 3/5
  1941 | D:2      | Reached skill level 5 in Earth Magic
  1941 | D:2      | Reached XP level 5. HP: 38/40 MP: 4/6
  2433 | D:3      | Noticed Ijyb
  2807 | D:3      | Killed Ijyb
  3104 | D:3      | Found an ancient bone altar of Kikubaaqudgha.
  3182 | D:3      | Learned a level 3 spell: Stone Arrow
  3467 | D:4      | Reached XP level 6. HP: 47/47 MP: 7/7
  3596 | D:4      | Reached * piety under Okawaru
  3738 | D:4      | Got a scorched ring mail
  3807 | D:4      | Found an opulent altar of Gozag.
  3812 | D:4      | Found a sparkling altar of Nemelex Xobeh.
  3819 | D:4      | Found a shattered altar of Ashenzari.
  3926 | D:4      | Reached XP level 7. HP: 47/52 MP: 8/10
  4066 | D:4      | Found a shadowy altar of Dithmenos.
  4117 | D:5      | Entered Level 5 of the Dungeon
  4159 | D:5      | Found Piamu's Food Emporium.
  4369 | D:5      | Found Bileig's Weapon Emporium.
  4596 | D:5      | Found Lapruj's Jewellery Shop.
  4617 | D:5      | Identified the +4 ring mail of the Wilderness {Dex+3} (You found it on level 4 of the Dungeon)
  4781 | D:5      | Reached ** piety under Okawaru
  4805 | D:5      | Found a blossoming altar of Fedhas.
  4835 | D:5      | Found Kurghos's General Store.
  4861 | D:5      | Found Poeseips's Gadget Shoppe.
  5096 | D:5      | Reached XP level 8. HP: 59/59 MP: 11/14
  5283 | D:6      | Found Evas's Antique Armour Shop.
  5297 | D:6      | Reached skill level 1 in Conjurations
  5330 | D:6      | Found a white marble altar of Elyvilon.
  5544 | D:6      | Found Nuyxit's Assorted Antiques.
  5743 | D:6      | Found a staircase to the Ecumenical Temple.
  5748 | D:6      | Found a bloodstained altar of Trog.
  5748 | D:6      | Found a basalt altar of Yredelemnul.
  5748 | D:6      | Found a white marble altar of Elyvilon.
  5748 | D:6      | Found a glowing silver altar of Zin.
  5749 | D:6      | Found a stormy altar of Qazlal.
  5749 | D:6      | Found a basalt altar of Yredelemnul.
  5750 | D:6      | Found an iron altar of Okawaru.
  5750 | D:6      | Found a deep blue altar of Sif Muna.
  5750 | D:6      | Found an iron altar of Okawaru.
  5750 | D:6      | Found a deep blue altar of Sif Muna.
  5750 | D:6      | Found a white marble altar of Elyvilon.
  5750 | D:6      | Found an ancient bone altar of Kikubaaqudgha.
  5776 | Temple   | Entered the Ecumenical Temple
  5953 | D:6      | Reached skill level 5 in Conjurations
  5971 | D:6      | Found Zaizomiu's Magic Scroll Emporium.
  6031 | D:6      | Reached *** piety under Okawaru
  6056 | D:6      | Found a sacrificial altar of Ru.
  6435 | D:5      | Bought a +3 battleaxe of electrocution for 332 gold pieces
  6758 | D:7      | Reached XP level 9. HP: 53/64 MP: 15/15
  6762 | D:7      | Reached skill level 1 in Axes
  7168 | D:7      | Found a deep blue altar of Sif Muna.
  7544 | D:7      | Reached skill level 5 in Axes
  8174 | D:8      | Found a sparkling altar of Nemelex Xobeh.
  8254 | D:8      | Reached **** piety under Okawaru
  8736 | D:8      | Reached skill level 10 in Axes
  8790 | D:8      | Reached XP level 10. HP: 66/71 MP: 8/16
  8846 | D:8      | Found a bloodstained altar of Trog.
  8912 | D:8      | Found an ornate altar of the Wu Jian Council.
  9209 | D:9      | Found a staircase to the Orcish Mines.
  9358 | D:9      | Found Kuh Dosi's Antique Armour Shoppe.
  9436 | D:9      | Got a slimy mace
  9614 | D:9      | Found Payz's Weapon Boutique.
  9637 | D:9      | Found a glowing golden altar of the Shining One.
  9675 | D:9      | Found a shadowy altar of Dithmenos.
  9757 | D:9      | Found a deep blue altar of Sif Muna.
 10131 | D:10     | Entered Level 10 of the Dungeon
 10389 | D:10     | Noticed a gargoyle
 10402 | D:10     | Killed a gargoyle
 10402 | D:10     | Reached ***** piety under Okawaru
 10731 | D:10     | Found a hazy altar of Hepliaklqana.
 10749 | D:10     | Found a staircase to the Lair.
 10887 | D:10     | Found a burning altar of Makhleb.
 10889 | D:10     | Noticed an Executioner
 11001 | D:10     | Received a gift from Okawaru
 11443 | D:11     | Noticed a gargoyle
 11456 | D:11     | Killed a gargoyle
 11456 | D:11     | Reached skill level 5 in Fighting
 11563 | D:11     | Noticed a brown ugly thing
 11573 | D:11     | Killed a brown ugly thing
 11591 | D:11     | Reached XP level 11. HP: 89/89 MP: 10/17
 11725 | D:11     | Noticed a red ugly thing
 11731 | D:11     | Killed a red ugly thing
 12084 | D:11     | Found the +5 scythe "Finisher" {speed, Str+3}
 12165 | D:11     | Noticed a green ugly thing
 12176 | D:11     | Killed a green ugly thing
 12299 | D:11     | Noticed a manticore
 12320 | D:11     | Killed a manticore
 12825 | Lair:1   | Entered Level 1 of the Lair of Beasts
 12850 | Lair:1   | Reached skill level 5 in Armour
 13279 | Lair:1   | Noticed an eight-headed hydra
 13284 | Lair:1   | Killed an eight-headed hydra
 13284 | Lair:1   | Reached skill level 5 in Invocations
 13439 | Lair:1   | Received a gift from Okawaru
 13622 | Lair:1   | Noticed Harold
 13633 | Lair:1   | Killed Harold
 13936 | Lair:1   | Noticed Sonja
 13938 | Lair:1   | Noticed Sonja
 13938 | Lair:1   | Sonja changed into Sonja the sky beast
 13940 | Lair:1   | Killed Sonja the sky beast
 14282 | Lair:1   | Identified a scroll of acquirement
 14643 | Lair:2   | Reached XP level 12. HP: 84/104 MP: 18/18
 15207 | Lair:2   | Got a polished helmet
 15217 | Lair:2   | Identified the +0 helmet of the Bruised Dreams {rN+ Regen+ Str-4} (You found it on level 2 of the Lair of Beasts)
 15240 | Lair:2   | Found a shadowy altar of Dithmenos.
 15330 | Lair:2   | Reached skill level 15 in Axes
 15993 | Lair:3   | Reached skill level 10 in Earth Magic
 16214 | Lair:3   | Received a gift from Okawaru
 16543 | Lair:3   | Found a staircase to the Snake Pit.
 16679 | Lair:3   | Noticed a five-headed hydra
 16693 | Lair:3   | Killed a five-headed hydra
 16925 | Lair:3   | Noticed a six-headed hydra
 16931 | Lair:3   | Killed a six-headed hydra
 16931 | Lair:3   | Reached ****** piety under Okawaru
 16931 | Lair:3   | Received a gift from Okawaru
 16943 | Lair:3   | Got a brightly glowing battleaxe {god gift}
 17021 | Lair:3   | Identified the +7 battleaxe "Orb Guardian's Doom" {freeze, Stlth+} (Okawaru gifted it to you on level 3 of the Lair of Beasts)
 17279 | Lair:4   | Noticed Nergalle
 17290 | Lair:4   | Killed Nergalle
 17290 | Lair:4   | Reached XP level 13. HP: 111/111 MP: 16/20
 17308 | Lair:4   | Learned a level 5 spell: Lee's Rapid Deconstruction
 17324 | Lair:4   | Found a staircase to the Swamp.
 17361 | Lair:4   | Reached skill level 5 in Spellcasting
 17707 | Lair:4   | Received a gift from Okawaru
 18259 | Lair:5   | HP: 5/111 [nine-headed hydra (13)]
 18273 | Lair:5   | HP: 1/111 [water moccasin (7)]
 18654 | Lair:5   | Found a staircase to the Slime Pits.
 19044 | Lair:5   | Reached skill level 10 in Fighting
 19734 | D:6      | Bought the +0 mask of the Dragon {MR+ Slay+3 SInv} for 801 gold pieces
 19734 | D:6      | Found the +0 mask of the Dragon {MR+ Slay+3 SInv}
 19898 | Lair:6   | Entered Level 6 of the Lair of Beasts
 19908 | Lair:6   | Received a gift from Okawaru
 20458 | Lair:6   | Received a gift from Okawaru
 20467 | Lair:6   | Reached XP level 14. HP: 97/124 MP: 24/24
 20488 | Lair:6   | Got a steaming battleaxe {god gift}
 20490 | Lair:6   | Identified the +4 battleaxe of Reapportionment {elec, rPois Stlth+} (Okawaru gifted it to you on level 6 of the Lair of Beasts)
 21950 | Lair:6   | Received a gift from Okawaru
 22263 | Lair:6   | Received a gift from Okawaru
 22544 | Lair:6   | Identified Seucen's Collected Works on Ashen Contamination
 24510 | Orc:1    | Entered Level 1 of the Orcish Mines
 24516 | Orc:1    | You are sucked into a shaft!
 24516 | Orc:2    | Entered Level 2 of the Orcish Mines
 24788 | Orc:1    | Reached skill level 10 in Invocations
 25119 | Orc:2    | Found a staircase to the Elven Halls.
 25411 | Orc:2    | Found Raefan's Jewellery Shop.
 25731 | Orc:2    | Reached XP level 15. HP: 106/138 MP: 15/27
 25738 | Orc:2    | Received a gift from Okawaru
 26431 | Orc:2    | Found Mafaonacw's Assorted Antiques.
 26432 | Orc:2    | Found Ruddaheo's Antique Weapon Emporium.
 26432 | Orc:2    | Found Fyud's General Store.
 26451 | Orc:2    | Bought a scroll labeled DORIHU LOTOSA for 29 gold pieces
 26559 | Orc:2    | Bought a potion of heal wounds for 145 gold pieces
 27498 | D:13     | Noticed Erolcha
 27509 | D:13     | Killed Erolcha
 27574 | D:13     | Noticed Josephine
 27584 | D:13     | Killed Josephine
 27637 | D:13     | Found a gate to the Vaults.
 28050 | D:14     | Received a gift from Okawaru
 28051 | D:14     | Got a translucent executioner's axe {god gift}
 28052 | D:14     | Identified the +1 executioner's axe "Ishetean" {chop, rElec rF+} (Okawaru gifted it to you on level 14 of the Dungeon)
 28208 | D:14     | Found a labyrinth entrance.
 28218 | Lab      | Entered a labyrinth
 28335 | Lab      | Noticed p0werm0de's ghost (novice DgWn)
 28351 | Lab      | Killed p0werm0de's ghost
 28626 | Lab      | Identified the Reference Book on Creative Fire
 28626 | Lab      | Identified the Incunabulum of Flight and Black Arts
 28723 | D:14     | Found a glowing golden altar of the Shining One.
 28728 | D:14     | Found a shattered altar of Ashenzari.
 29189 | D:15     | Entered Level 15 of the Dungeon
 29678 | D:15     | Reached skill level 15 in Earth Magic
 29722 | D:15     | Received a gift from Okawaru
 29726 | D:15     | Got a scorched broad axe {god gift}
 29727 | D:15     | Identified the +4 broad axe "Midiqopi" {freeze, +Fly MR- Dex+2} (Okawaru gifted it to you on level 15 of the Dungeon)
 30082 | D:15     | Noticed Nessos
 30089 | D:15     | Mangled by a wolf spider simulacrum

Vault maps used:
D:1:      eino_arrival_tree_alley
D:2:      chequers_temple_overflow_minitemple, minmay_snake_closets
D:3:      lemuel_coloured_pillars_altar, uniq_ijyb
D:4:      minmay_overflow_temple_star_quad, grunt_dithmenos_shadows
D:5:      first_bread, serial_co_window_serial, co_window_paths_a,
          co_window_corner_a, co_window_paths_b, co_window_of_opportunity_a,
          co_window_of_opportunity_a, co_window_corner_a, co_window_corner_a,
          co_window_corner_ca, co_window_broadway_a, co_window_unsneaky_path_a,
          co_window_corner_b, co_window_2corner, co_window_broadway_b,
          serial_shops, shop, nicolae_shop_behind_doors, shop, kennysheep_mini,
          nicolae_shop_temple_entry_statues_fountains, fedhas_altar_3
D:6:      nicolae_ru_sacrificial_ziggurat, temple_doors_ab, serial_shops,
          shop_statue, nicolae_shop_waterfront, shop_fountains,
          minmay_misc_feat_tiny, elyvilon_altar_4
D:7:      kennysheep_orc_sif_temple
D:8:      lemuel_crystal_altar, lemuel_doored_altar, basic_altar,
          hangedman_little_slice_of_home, st_stairs_4
D:9:      marbit_many_paths, nicolae_overflow_crystal_walls, led_sif_pool,
          minmay_orc_entry_guard_dogs, serial_shops, shop,
          nicolae_shop_statue_plus
D:10:     lair_entry_dummy, basic_altar, makhleb_altar_promises_db
D:11:     minmay_guarded_unrand_finisher
D:13:     david_vaults_1, uniq_josephine, uniq_erolcha
D:14:     basic_altar, lab_entry_generic, tso_metal_star
D:15:     grunt_enter_depths_magical_seal, minmay_strange_pillars, uniq_nessos
Temple:   corrupted_temple
Lair:1:   uniq_harold, uniq_sonja
Lair:2:   basic_altar, kennysheep_abandoned_house, infiniplex_staircase_pool_2
Lair:3:   minmay_snake_entry_guardpost_medium
Lair:4:   swamp_mist, uniq_nergalle
Lair:5:   cheibrodos_lair_river_kwai, nicolae_slime_entry_slimehenge,
          wad_woods_river_01
Lair:6:   hangedman_lair_caniforms_friends, guppyfry_lair_end_dragon,
          minmay_lair_oklob_chamber
Orc:2:    st_orc_elflike, uniq_rupert
Lab:      labyrinth_spiral, lab_hedge, nicolae_lab_x, nicolae_lab_dead_end

Skill      XL: |  1  2  3  4  5  6  7  8  9 10 11 12 13 14 15 |
---------------+----------------------------------------------+-----
Earth Magic    | 3 4 5 6 7 8 10 12 13 15 | 15.0
Spellcasting   | 2 4 7 8 9 |  9.0
Conjurations   | 5 6 |  6.0
Axes           | 10 13 14 15 | 15.0
Fighting       | 5 9 11 14 | 14.5
Invocations    | 3 6 9 10 | 10.0
Armour         | 5 |  5.8
Stealth        | |  1.0
Shields        | |  1.1
Air Magic      | |  1.5

Action                   |  1- 3 |  4- 6 |  7- 9 | 10-12 | 13-15 || total
-------------------------+-------+-------+-------+-------+-------++-------
Melee: Club              |    39 |       |       |       |       ||    39
       Whip              |   107 |   193 |       |       |       ||   300
       Hand axe          |       |    66 |   224 |       |       ||   290
       Dagger            |       |    11 |       |       |       ||    11
       Battleaxe         |       |       |   137 |   527 |   939 ||  1603
 Fire: Blowgun           |       |       |       |     2 |     1 ||     3
 Cast: Sandblast         |    12 |    31 |    48 |     8 |     1 ||   100
       Stone Arrow       |       |     1 |    21 |    64 |    92 ||   178
       Lee's Rapid Decon |       |       |       |       |    20 ||    20
Invok: Heroism           |       |       |       |     9 |    15 ||    24
Evoke: Wand              |       |       |       |     5 |     7 ||    12
  Use: Scroll            |     5 |     5 |     4 |     6 |     7 ||    27
       Potion            |       |       |       |     3 |     4 ||     7
 Stab: Paralysed         |       |       |       |       |     1 ||     1
       Distracted        |       |       |       |       |     3 ||     3
       Sleeping          |       |       |       |       |     1 ||     1
  Eat: Chunk             |     3 |     7 |    13 |    25 |    41 ||    89
       Royal jelly       |       |     1 |       |     1 |     1 ||     3
       Meat ration       |       |       |     1 |       |     1 ||     2
       Bread ration      |       |       |       |     1 |     1 ||     2
Armor: Ring mail         |    88 |   180 |   291 |   248 |   554 ||  1361
       Skin              |       |       |       |       |    39 ||    39
Dodge: Dodged            |    96 |   168 |   218 |   314 |   697 ||  1493

Table legend:
 A = Spawn XP
 B = Non-spawn XP
 C = Spawn XP percentage of total XP
 D = Spawn monster count
 E = Non-spawn monster count
 F = Spawn count percentage of total count
 G = Total turns spent on level
                    A         B        C        D         E        F      G
               +---------+---------+-------+---------+---------+-------+---------
         Total |   17679 |  106316 |  14.3 |     127 |     637 |  16.6 | 30089
               +---------+---------+-------+---------+---------+-------+---------
           D:1 |       9 |      24 |  27.3 |       4 |      14 |  22.2 |  1308
           D:2 |      23 |     163 |  12.4 |       5 |      31 |  13.9 |  1184
           D:3 |      12 |      76 |  13.6 |       5 |      21 |  19.2 |   945
           D:4 |       0 |     403 |   0.0 |       0 |      17 |   0.0 |   685
           D:5 |      32 |     526 |   5.7 |       1 |      11 |   8.3 |  1373
           D:6 |     187 |     787 |  19.2 |       5 |      23 |  17.9 |  1097
           D:7 |     228 |     746 |  23.4 |       7 |      18 |  28.0 |  1417
           D:8 |     204 |    1325 |  13.3 |       3 |      33 |   8.3 |  1044
           D:9 |     190 |    1372 |  12.2 |       3 |      15 |  16.7 |  1206
          D:10 |     245 |    1432 |  14.6 |       3 |      19 |  13.6 |  1383
          D:11 |     862 |    3898 |  18.1 |       5 |      19 |  20.8 |  1506
          D:12 |     509 |    2770 |  15.5 |       6 |      26 |  18.8 |   776
          D:13 |     454 |   13950 |   3.2 |      11 |      51 |  17.7 |  1352
          D:14 |    2277 |    3648 |  38.4 |       8 |      26 |  23.5 |  1247
          D:15 |       0 |    9043 |   0.0 |       0 |      25 |   0.0 |   346
        Lair:1 |     145 |    3823 |   3.7 |       1 |      12 |   7.7 |  1529
        Lair:2 |    4623 |    4499 |  50.7 |      23 |      35 |  39.7 |  1764
        Lair:3 |     153 |    5596 |   2.7 |       1 |      21 |   4.5 |  1320
        Lair:4 |     611 |    6818 |   8.2 |       2 |      20 |   9.1 |  1118
        Lair:5 |     308 |    6257 |   4.7 |       2 |      26 |   7.1 |  1407
        Lair:6 |    6007 |   23577 |  20.3 |      25 |      91 |  21.6 |  3496
         Orc:1 |     600 |    3510 |  14.6 |       7 |      30 |  18.9 |  1181
         Orc:2 |       0 |    8717 |   0.0 |       0 |      44 |   0.0 |   911
           Lab |       0 |    3356 |   0.0 |       0 |       9 |   0.0 |   449
               +---------+---------+-------+---------+---------+-------+---------
